 Dungeon Crawl Stone Soup version 0.29.0 (webtiles) character file.

Game seed: 15881865789664911569

35 gelatine the Firebug (level 3, -1/24 HPs)
             Began as a Demonspawn Fire Elementalist on Aug 24, 2022.
             Slain by an adder (2 damage)
             ... on level 2 of the Dungeon.
             The game lasted 00:02:04 (891 turns).

gelatine the Firebug (Demonspawn Fire Elementalist)  Turns: 891, Time: 00:02:04

Health: -1/24      AC:  2    Str: 11    XL:     3   Next: 17%
Magic:  1/6        EV: 12    Int: 18    God:
Gold:   38         SH:  0    Dex: 13    Spells: 5/6 levels left

rFire   . . .      SeeInvis .   l - +1 dagger of Goas {protect, Str+3}
rCold   . . .      Faith    .   (no shield)
rNeg    . . .      Spirit   .   a - +0 robe
rPois   .          Reflect  .   (no helmet)
rElec   .          Harm     .   (no cloak)
rCorr   .          Rampage  .   (no gloves)
Will    +....                   (no boots)
Stlth   ++........              (no amulet)
HPRegen 0.08/turn               m - ring of willpower
MPRegen 0.10/turn               (no ring)

@: brilliant, lethally poisoned (-1 -> -4), attractive
A: hooves 1
a: no special abilities


You were on level 2 of the Dungeon.
You visited 1 branch of the dungeon, and saw 2 of its levels.

You collected 38 gold pieces.

Inventory:

Hand Weapons
 c - a +0 club
 l - the +1 dagger of Goas (weapon) {protect, Str+3}
   (You found it on level 2 of the Dungeon)

   It grants its wielder temporary protection when it strikes (+7 to AC).
   Str:       It affects your strength (+3).
Armour
 a - a +0 robe (worn)
Jewellery
 m - a ring of willpower (left hand)
Scrolls
 i - a scroll of vulnerability
Potions
 b - a potion of magic
 d - a potion of brilliance
 g - a potion of invisibility {unknown}
 h - 2 potions of flight {unknown}
 j - a potion of curing {unknown}
 k - a potion of heal wounds {unknown}


   Skills:
 + Level 1.8 Dodging
 + Level 1.8 Stealth
 + Level 2.3 Spellcasting
 + Level 1.0 Conjurations
 + Level 3.6 Fire Magic


You had 5 spell levels left.
You knew the following spells:

 Your Spells              Type           Power      Damage    Failure   Level
a - Foxfire               Conj/Fire      60%        2x1d7     7%          1

Your spell library contained the following spells:

 Spells                   Type           Power      Damage    Failure   Level
 Scorch                   Fire           44%        2d7       6%          2
 Conjure Flame            Conj/Fire      15%        6-21      21%         3
 Poisonous Vapours        Pois/Air       6%         N/A       26%         2
 Inner Flame              Hex/Fire       12%        N/A       26%         3
 Gell's Gravitas          Tloc           3%         N/A       47%         3
 Lesser Beckoning         Tloc           3%         N/A       47%         3
 Teleport Other           Tloc           3%         N/A       47%         3
 Flame Wave               Conj/Fire      15%        2d7       54%         4
 Corpse Rot               Necr/Pois/Air  3%         N/A       87%         4


Dungeon Overview and Level Annotations

Branches:
Dungeon (2/15)

Altars:


Innate Abilities, Weirdness & Mutations

You have large cloven feet.


Message History

You barely miss the adder.
The adder is almost dead.
The adder misses you.
You barely miss the adder. Your kick misses the adder.
The adder is almost dead.
The adder bites you.
You are poisoned.
The adder poisons you! The goblin hits you with a +0 dagger.
You feel sick. The adder attacks as you move away! The adder bites you.
You feel sick. The adder bites you.
You are lethally poisoned!
The adder poisons you!
It was a potion of brilliance.
You feel clever all of a sudden.
You feel sick. The adder closely misses you.
You miss the adder. Your kick misses the adder.
The adder is almost dead.
* * * LOW HITPOINT WARNING * * *
You feel sick. The adder closely misses you.
You hit the adder.
Your weapon exudes an aura of protection.
You kill the adder!
* * * LOW HITPOINT WARNING * * *
You feel sick.
You have reached level 3!
Your experience leads to an increase in your attributes!
Your base attributes are Str 8, Int 16, Dex 13.
Increase (S)trength, (I)ntelligence, or (D)exterity?
You feel clever. x2
As you read the scroll labelled SILUGOLUIMM, it crumbles to dust.
It is a scroll of identify.
i - a scroll of vulnerability
* * * LOW HITPOINT WARNING * * *
You feel sick. The goblin misses you. The adder barely misses you.
It was a potion of attraction.
You feel attractive to monsters.
* * * LOW HITPOINT WARNING * * *
You feel sick. The adder bites you.
You die... g

..( ## S# ...!.. ...
# #. #...... ..)#
#.###w ..#..... ....#
.#..(##.##..... ...##
.###..##.....
#...###.#gw#....####
#.....#S#g##........
####...#.@##..###.##
+.......†............
###.##[.#.#..#...#.##
#. #)......#...... #
#.##.#.######## #
#.##.....
#.##.####.###
#.......#...
#######.##.#####


You could see a worm, an adder, a hobgoblin and a goblin.

Vanquished Creatures
  2 adders (D:2)
  2 ball pythons (D:1)
  3 bats (D:1)
  2 endoplasms (D:1)
  3 goblins
  A hobgoblin (D:1)
  4 rats
17 creatures vanquished.

Vanquished Creatures (others)
  56 foxfires
56 creatures vanquished.

Grand Total: 73 creatures vanquished

Notes
Turn   | Place    | Note
-------+----------+-------------------------------------------
     0 | D:1      | gelatine the Demonspawn Fire Elementalist began the quest
                  | for the Orb.
     0 | D:1      | Reached XP level 1. HP: 13/13 MP: 3/3
   129 | D:1      | Reached skill level 3 in Fire Magic
   269 | D:1      | Discovered your monstrous ancestry.
   269 | D:1      | Gained mutation: You have large cloven feet. [demonic
                  | ancestry]
   269 | D:1      | Reached XP level 2. HP: 19/19 MP: 0/5
   631 | D:1      | Found a faded altar of an unknown god.
   858 | D:2      | Identified the +1 dagger of Goas {protect, Str+3}
   890 | D:2      | Reached XP level 3. HP: 4/24 MP: 0/6
   891 | D:2      | HP: 1/24 [poisoned by an adder]
   891 | D:2      | Slain by an adder

Illustrated notes

Levels and vault maps discovered:
D:1:      scummos_arrival_simple_crosswalls, layout_rooms,
          shapermc_ecumenical_altar_totnotflames, reono_crystal_passage
D:2:      layout_basic, minmay_pentomino_pile, uniq_terence

Skill      XL: |  1 |
---------------+----+-----
Fire Magic     | 3 |  3.6
Dodging        | |  1.8
Stealth        | |  1.8
Spellcasting   | |  2.3
Conjurations   | |  1.0

Action                   || total
-------------------------++-------
Melee: Club              ||     5
       Dagger            ||     4
       Kick              ||     1
 Cast: Foxfire           ||    33
  Use: Potion            ||     2
       Scroll            ||     1
Armor: Robe              ||     2
Dodge: Dodged            ||     8
